 Dungeon Crawl Stone Soup version 0.32-a0-981-g384da2ce10 (webtiles) character file.

Game seed: 4820194336265437834

9158 runemasterragnar the Skirmisher (level 11, -10/83 HPs)
             Began as a Coglin Hunter on Apr 20, 2024.
             Was a High Priest of Okawaru.
             Mangled by a komodo dragon (22 damage)
             ... on level 11 of the Dungeon.
             The game lasted 00:20:13 (11697 turns).

runemasterragnar the Skirmisher (Coglin Hunter)    Turns: 11697, Time: 00:20:13

Health: -10/83     AC: 12    Str: 11    XL:     11   Next: 42%
Magic:  13/15      EV: 13    Int:  8    God:    Okawaru [*****.]
Gold:   622        SH:  0    Dex: 23    Spells: 14/16 levels left

rFire   . . .        a - +5 sling {Lucia}
rCold   + . .        d - +0 sling {Chun}
rNeg    . . .        n - +3 ring mail {rC+}
rPois   .            (no helmet)
rElec   .            (no cloak)
rCorr   .            c - +0 pair of gloves
SInv    .            w - +1 pair of boots
Will    .....        (amulet unavailable)
Stlth   +++          (ring unavailable)
HPRegen 0.33/turn    (ring unavailable)
MPRegen 0.14/turn    (no gizmo)

%: clarity
@: on blink cooldown, revved
A: off-hand wielding, slow wielding, warmup strikes, no jewellery, clarity
a: Invent Gizmo, Renounce Religion, Heroism, Finesse, Duel


You were on level 11 of the Dungeon.
You worshipped Okawaru.
Okawaru was extremely pleased with you.
You visited 1 branch of the dungeon, and saw 11 of its levels.
You also visited: Sewer and Ossuary.

You collected 725 gold pieces.
You spent 103 gold pieces at shops.

Inventory:

Hand Weapons
 a - a +5 sling (weapon) {Lucia}
 d - a +0 sling (offhand) {Chun}
Missiles
 l - a throwing net
Armour
 c - a +0 pair of gloves (worn)
 n - a +3 ring mail of cold resistance (worn)
 w - a +1 pair of boots (worn)
Wands
 o - a wand of digging (5)
 s - a wand of flame (4)
Scrolls
 b - a scroll of butterflies
 e - a scroll of silence
 f - a scroll of noise
 g - 8 scrolls of teleportation
 j - a scroll of blinking
 k - 3 scrolls of fog
 m - 2 scrolls of fear
 p - a scroll of identify
 q - 3 scrolls of enchant armour
 r - 6 scrolls of vulnerability
 u - a scroll of amnesia
 y - a scroll of poison
Potions
 h - a potion of attraction {unknown}
 i - 4 potions of curing
 t - 4 potions of brilliance
 v - 2 potions of cancellation
 x - 3 potions of might
 z - 2 potions of resistance {unknown}
 A - a potion of ambrosia {unknown}
 B - a potion of invisibility {unknown}
 C - a potion of degeneration {unknown}


   Skills:
 + Level 6.5 Fighting
 * Level 8.9 Ranged Weapons
 - Level 5.2 Armour
 + Level 5.9 Dodging
 + Level 5.5 Stealth
 - Level 3.1 Spellcasting
 - Level 8.0 Translocations
 + Level 0.6 Evocations


You had 14 spell levels left.
You knew the following spells:

 Your Spells              Type           Power      Damage    Failure   Level
a - Blink                 Tloc           28%        N/A       4%          2

Your spell library contained the following spells:

 Spells                   Type           Power      Damage    Failure   Level
 Lesser Beckoning         Tloc           28%        N/A       4%          2
 Maxwell's Portable Pile  Tloc           14%        2d(6-17)  8%          3
 Teleport Other           Tloc           14%        N/A       8%          3
 Momentum Strike          Conj/Tloc      14%        3d8       21%         2
 Passage of Golubria      Tloc           14%        N/A       26%         4
 Freeze                   Ice            4%         1d3       56%         1
 Magic Dart               Conj           4%         1d3       56%         1
 Searing Ray              Conj           2%         2d4       71%         2
 Frozen Ramparts          Ice            2%         1d1       91%         3
 Hailstorm                Conj/Ice       1%         3d5       91%         3
 Fulminant Prism          Conj/Alch      0%         3d5       100%        4
 Alistair's Intoxication  Alch           0%         N/A       100%        5
 Borgnjor's Vile Clutch   Necr/Erth      0%         N/A       100%        5
 Yara's Violent Unravell  Hex/Alch       0%         3d3       100%        5
 Eringya's Noxious Bog    Alch           0%         4d6       100%        6
 Tukima's Dance           Hex            Unusable   N/A       N/A         3

Dungeon Overview and Level Annotations

Branches:
Dungeon (11/15)            Temple (0/1) D:7             Orc (0/2) D:11
  Sewer (visited)         Ossuary (visited)
   Lair: D:8-11

Altars:
Dithmenos
Nemelex Xobeh
Okawaru
Sif Muna

Shops:
D:8 [

Annotations:
D:7 2 transporters


Innate Abilities, Weirdness & Mutations

You can wield a second weapon in your off-hand.
It takes a long time for you to wield or remove held weapons.
Your first few attacks do less damage.
You cannot equip rings or amulets.
You possess an exceptional clarity of mind.


Message History

Fire: a) +5 sling {Lucia}
Press: ? - help, Q - select action, (/) - cycle Shift-Dir - straight line, f/p - komodo dragon
Aim: a komodo dragon (severely wounded, 77% to hit)
You shoot a sling bullet.
The sling bullet hits the komodo dragon.
The komodo dragon is heavily wounded.
You shoot a sling bullet.
The sling bullet hits the komodo dragon but does no damage.
The komodo dragon is heavily wounded.
Unknown command.
The komodo dragon bites you!!
Fire: a) +5 sling {Lucia}
Press: ? - help, Q - select action, (/) - cycle Shift-Dir - straight line, f/p - komodo dragon
Aim: a komodo dragon (severely wounded, 77% to hit)
You shoot a sling bullet.
The sling bullet hits the komodo dragon but does no damage.
The komodo dragon is heavily wounded.
You shoot a sling bullet.
The sling bullet barely misses the komodo dragon.
The sling bullet hits the komodo dragon!
The komodo dragon is severely wounded.
The komodo dragon misses you.
Unknown command.
Fire: a) +5 sling {Lucia}
Press: ? - help, Q - select action, (/) - cycle Shift-Dir - straight line, f - komodo dragon
Aim: a komodo dragon (heavily wounded, 77% to hit)
You shoot a sling bullet.
The sling bullet hits the komodo dragon.
The komodo dragon is severely wounded.
You shoot a sling bullet.
The sling bullet hits the komodo dragon.
The komodo dragon is almost dead.
The komodo dragon bites you!!
* * * LOW HITPOINT WARNING * * *
Unknown command.
Okay, then.
Casting: Blink (safe; 4% risk of failure)
Confirm with . or Enter, or press ? or * to list all spells.
You blink.
The komodo dragon closely misses you. The komodo dragon bites you!!
You die...

... ... ......... ...
.........' ... #........#
..). #........# .....'
#........#
.....###########........#
.....)..................#
......$.........@.......+
#..............ll.......#
#..............§#'##....#
#....####'#######..# ...#
#... #.........#.†.# .+
#.. #.........#...# #.
#....###†###..# #
P......##...##..#
...P...P.........#....


You could see 2 komodo dragons.

Vanquished Creatures
  A two-headed ogre (D:7)
  Joseph (D:8)
  A komodo dragon (D:11)
  A hornet (D:8)
  A shadow (D:10)
  2 wyverns
  15 yaks
  A steam dragon (D:10)
  2 wraiths (D:11)
  Menkaure (D:7)
  An acid dragon (D:11)
  A water moccasin (D:6)
  4 orc warriors
  2 sky beasts (D:6)
  Pargi (Sewer)
  2 ice beasts
  4 centaurs
  An ogre (D:4)
  A phantom (D:4)
  2 brain worms (Sewer)
  4 kobold brigands
  5 bullfrogs
  6 scorpions
  7 wights
  17 killer bees
  2 centaur zombies (Ossuary)
  3 orc priests
  A bombardier beetle (D:6)
  3 human zombies (Ossuary)
  A gnoll bouda (D:8)
  3 hounds
  An iguana (D:6)
  A sleepcap (D:7)
  7 orc wizards
  3 scorpion zombies (Ossuary)
  3 mummies (Ossuary)
  7 gnolls
  9 adders
  2 shadow imps (D:7)
  2 white imps (D:7)
  A ribbon worm (D:4)
  21 orcs
  6 endoplasms
  4 giant cockroaches
  3 goblins
  5 hobgoblins
  6 jackals (D:1)
  27 kobolds
  4 quokkas
  8 ball pythons
  3 ball python zombies (Ossuary)
  5 bats
  4 frilled lizards
  3 gnoll zombies (Ossuary)
  2 jackal zombies (Ossuary)
  3 orc zombies (Ossuary)
  2 rats
239 creatures vanquished.

Notes
Turn   | Place    | Note
-------+----------+-------------------------------------------
     0 | D:1      | runemasterragnar the Coglin Hunter began the quest for the
                  | Orb.
     0 | D:1      | Reached XP level 1. HP: 16/16 MP: 1/1
    57 | D:1      | Reached skill level 1 in Stealth
    58 | D:1      | Reached XP level 2. HP: 18/22 MP: 2/2
   396 | D:1      | Reached XP level 3. HP: 27/27 MP: 3/3
   477 | D:1      | Learned a level 2 spell: Blink
  1511 | D:3      | Reached skill level 1 in Translocations
  1511 | D:3      | Reached XP level 4. HP: 34/34 MP: 4/4
  2070 | D:4      | Found a sand-covered staircase.
  2079 | Ossuary  | Entered an ossuary
  2103 | Ossuary  | Noticed a scorpion
  2110 | Ossuary  | Killed a scorpion
  2111 | Ossuary  | Reached XP level 5. HP: 27/39 MP: 4/6
  2120 | Ossuary  | Reached skill level 1 in Spellcasting
  2240 | Ossuary  | Reached XP level 6. HP: 46/46 MP: 7/7
  2292 | Ossuary  | Reached skill level 1 in Armour
  2331 | Ossuary  | Gained mutation: You possess an exceptional clarity of
                  | mind. [potion of mutation]
  2331 | Ossuary  | Gained mutation: You passively dampen the noise of your
                  | surroundings. [potion of mutation]
  2331 | Ossuary  | Lost mutation: You passively dampen the noise of your
                  | surroundings. [potion of mutation]
  2344 | Ossuary  | Reached XP level 7. HP: 26/52 MP: 9/9
  2438 | Ossuary  | Reached skill level 5 in Ranged Weapons
  2575 | D:4      | Found an iron altar of Okawaru.
  2582 | D:4      | Became a worshipper of Warmaster Okawaru
  2641 | D:4      | Found a glowing drain.
  2678 | Sewer    | Entered a sewer
  2713 | Sewer    | Noticed Pargi
  2720 | Sewer    | Killed Pargi
  2724 | Sewer    | Reached XP level 8. HP: 58/58 MP: 9/11
  3486 | D:5      | Entered Level 5 of the Dungeon
  3597 | D:5      | Found a shimmering blue altar of Sif Muna.
  3607 | D:5      | Found a sparkling altar of Nemelex Xobeh.
  3620 | D:5      | Reached * piety under Okawaru
  4795 | D:6      | Reached XP level 9. HP: 58/65 MP: 11/13
  4840 | D:6      | Reached skill level 5 in Translocations
  5190 | D:7      | Found a transporter.
  5207 | D:7      | Reached ** piety under Okawaru
  5235 | D:7      | Noticed Menkaure
  5243 | D:7      | Killed Menkaure
  5253 | D:7      | Noticed a two-headed ogre
  5260 | D:7      | Found a transporter.
  5524 | D:7      | Found a staircase to the Ecumenical Temple.
  5742 | D:8      | Noticed a hornet
  5746 | D:8      | Paralysed by a hornet for 1 turns
  5957 | D:8      | Noticed Joseph
  6046 | D:8      | Killed a hornet
  6312 | D:8      | Found Xoxeirgh's Antique Armour Emporium.
  6317 | D:8      | Bought a pair of gloves for 103 gold pieces
  6537 | D:8      | Reached *** piety under Okawaru
  6657 | D:8      | Reached skill level 5 in Fighting
  7059 | D:8      | Killed Joseph
  7060 | D:8      | Reached XP level 10. HP: 41/74 MP: 12/14
  7178 | D:7      | Killed a two-headed ogre
  7203 | D:7      | Identified the +11 falchion of the Depths {elec, Will+++}
  7504 | D:9      | Reached skill level 5 in Dodging
  7630 | D:8      | Reached **** piety under Okawaru
  9320 | D:10     | Entered Level 10 of the Dungeon
  9377 | D:10     | Reached skill level 5 in Stealth
  9557 | D:9      | Reached XP level 11. HP: 22/81 MP: 15/15
 10333 | D:9      | Reached skill level 5 in Armour
 10582 | D:10     | Reached ***** piety under Okawaru
 11340 | D:11     | Found a staircase to the Orcish Mines.
 11349 | D:11     | Found a shadowy altar of Dithmenos.
 11365 | D:11     | Received a gift from Okawaru
 11697 | D:11     | Mangled by a komodo dragon

Illustrated notes

Levels and vault maps discovered:
D:1:      lightli_arrival_lavapool, layout_basic, dk_noncrumbling_3,
          serial_bayou_ford_a, minmay_misc_feat_rugged
D:2:      layout_basic, serial_co_window_serial, co_window_of_opportunity_a,
          co_window_paths_a, co_window_paths_b, co_window_paths_a,
          co_window_of_opportunity_a, co_window_corner_ca, co_window_corner_cb,
          co_window_broadway_c, co_window_paths_c, co_window_2corner,
          co_window_of_opportunity_c, glass_columns_a, glass_columns_a,
          glass_columns_c, glass_columns_b, kennysheep_generic_room_8
D:3:      layout_basic
D:4:      layout_loops_ring, okawaru_ov_weapons_minmay, gup_sewer_entry_glass,
          mainiacjoe_ossuary_entry_dusty_tomb,
          nicolae_concentric_dashed_squares_mild
D:5:      layout_basic, nicolae_sif_muna_condensation, lemuel_tele_altar,
          nicolae_hexahallways
D:6:      layout_loops_ring, chequers_serial_rivers_small_a
D:7:      gammafunk_steamed_eel, layout_rooms, minmay_temple_entry_ruins,
          uniq_menkaure
D:8:      layout_basic, serial_shops, kennysheep_mini, kennysheep_small_square,
          uniq_joseph
D:9:      nicolae_cairo_tiling, layout_rooms
D:10:     layout_rooms
D:11:     layout_gridville, grunt_lair_entry_orc_guard_hut, orc_0_dummy,
          special_room [special_room_bee], grunt_dithmenos_smoke

Skill      XL: |  1  2  3  4  5  6  7  8  9 10 11 |
---------------+----------------------------------+-----
Stealth        | 1 2 3 4 5 |  5.5
Dodging        | 2 3 4 5 |  5.9
Ranged Weapons | 4 5 6 7 8 |  8.9
Translocations | 1 2 3 4 6 7 8 |  8.0
Spellcasting   | 1 2 3 |  3.1
Armour         | 1 2 3 4 5 |  5.2
Fighting       | 3 4 5 6 |  6.5
Evocations     | |  0.6

Action                     |  1- 3 |  4- 6 |  7- 9 | 10-12 || total
---------------------------+-------+-------+-------+-------++-------
   Fire: Sling             |   126 |   208 |   670 |   736 ||  1740
   Cast: Blink             |       |       |     1 |     5 ||     6
 Invoke: Heroism           |       |       |     3 |     2 ||     5
  Evoke: Wand              |       |       |       |     3 ||     3
    Use: Scroll            |       |     3 |    16 |     1 ||    20
         Potion            |       |     6 |     1 |       ||     7
 Armour: Leather armour    |    11 |       |       |       ||    11
         Ring mail         |       |    50 |   169 |   269 ||   488
         Skin              |       |     8 |     3 |       ||    11
  Dodge: Dodged            |    15 |    25 |   116 |   246 ||   402

Table legend: (Time is in decaauts)
 A = Elapsed time spent in this place.
 B = Non-inter-level travel time spent in this place.
 C = Inter-level travel time spent in this place.
 D = Time resting spent in this place.
 E = Time spent auto-exploring this place.
 F = Levels seen in this place.
 G = Mean time per level.
                   A        B        C        D        E       F      G
               +--------+--------+--------+--------+--------+-----+--------+
         Total |  11940 |  11271 |    669 |   2427 |   6329 |  13 |  918.5 |
       Dungeon |  11250 |  10581 |    669 |   2327 |   6199 |  11 | 1022.7 |
         Sewer |    194 |    194 |      0 |      0 |    130 |   1 |  194.0 |
       Ossuary |    496 |    496 |      0 |    100 |      0 |   1 |  496.0 |
               +--------+--------+--------+--------+--------+-----+--------+

Top non-repeatable levels by time:
     D:8: 2519 daAuts
     D:9: 2018 daAuts
     D:6: 954 daAuts
     D:5: 931 daAuts
    D:10: 875 daAuts
     D:4: 819 daAuts
     D:1: 766 daAuts
     D:2: 754 daAuts
     D:3: 572 daAuts
     D:7: 531 daAuts
    D:11: 505 daAuts
 Ossuary: 496 daAuts
   Sewer: 194 daAuts
